 BcadrenCrawl: Boulder Brew version 0.05.21-64-ge923bcfa72 (webtiles) character file.

Game seed: 7297647853186602385, levelgen mode: deterministic

560847 esc the Merry Centaur (level 25, -13/241 (243) HPs) Centaur Noble. Began on Aug 27, 2021. Was the Champion of Makhleb. Mangled by a golden draconian monk (35 damage) ... on level 2 of the Realm of Zot on Aug 28, 2021. The game lasted 02:25:07 (42885 turns).

esc the Merry Centaur (Centaur Noble)              Turns: 42885, Time: 02:25:07

HP:   -13/241 (243) AC: 32    Str: 29    XL:     25 ^: 111723
MP:   35/35         EV: 24    Int: 16    God:    Makhleb [6* [200]]
Gold: 8367          SH:  0    Dex: 35    Spells: 26/26 levels left

rFire    + + .     Vision   +   c - +9 longbow (molten)
rCold    + . .     Gourm    .   (also wielding the above weapon)
rNeg     + . .     Faith    .   K - +4 troll leather {Dex+3} {Snorg}
rCorr    . . .     Spirit   .   S - +3 crown of Dyrovepreva {rElec Int+2 +Vis}
rPois    +         Reflect  .   i - +2 cloak {Dex+3}
rElec    +         Harm     .   d - +2 pair of gloves {archery}
MR       +++..     Rnd*Rage +   U - +4 centaur barding of Ypybryl {rF+ MR++}
Stlth    ++++......             q - amulet of regeneration
HPRegen  1.70/turn              r - ring of slaying
MPRegen  0.45/turn              l - ring of the Voivode {rPois rF+ rC+ rN+}

@: flying, slowed, studying 5 skills
A: large, big wings, hooves, berserkitis, deformed body 1, speed 2, nightstalker
1, pq �U, AC +3
}: 3/15 runes: serpentine, barnacled, silver
a: Stop Flying, Minor Destruction, Lesser Servant of Makhleb, Major Destruction,
Greater Servant of Makhleb, Renounce Religion


You were on level 2 of the Realm of Zot.
You worshipped Makhleb.
Makhleb was exalted by your worship.
You were not hungry.

You visited 10 branches of the dungeon, and saw 40 of its levels.
You visited 1 bazaar.
You also visited: Market.

You collected 20614 gold pieces.
You spent 13247 gold pieces at shops.

Inventory:

Weapons
 c - a +9 longbow of molten steel (weapon)
Armour
 d - a +2 pair of gloves of archery (worn)
 i - a +2 cloak of dexterity (worn)
 K - a +4 troll leather of dexterity (worn) {Snorg}
 S - the +3 crown of Dyrovepreva (worn) {rElec Int+2 +Vis}
   (You bought it in a shop on level 2 of the Shoals)

   It affects your intelligence (+2).
   It insulates you from electricity.
   It improves your vision.
 U - the +4 centaur barding of Ypybryl (worn) {rF+ MR++}
   (You acquired it on level 4 of the Depths)

   It protects you from fire.
   It affects your resistance to hostile enchantments.
Jewellery
 l - the ring of the Voivode (right hand) {rPois rF+ rC+ rN+}
   (You bought it in a shop on level 3 of the Dungeon)

   [ring of poison resistance]

   It protects you from fire.
   It protects you from cold.
   It protects you from poison.
   It protects you from negative energy.
 q - an amulet of regeneration (around neck)
 r - a ring of slaying (left hand)
 H - the ring "Damnable Contraption" {AC+5 Dex+3 +Vis}
   (You bought it in a shop on level 4 of the Snake Pit)

   [ring of protection]

   It affects your AC (+5).
   It affects your dexterity (+3).
   It improves your vision.
Wands
 p - a wand of hasting (43)
 w - a wand of ensnaring (48)
 y - a wand of flame (83)
 B - a wand of healing (7)
 C - a wand of enslavement (61)
 E - a wand of polymorph (104)
 G - a wand of clouds (25)
 I - a wand of random effects (72)
 J - a wand of acid (37)
 L - a wand of iceblast (46)
 Q - a wand of disintegration (71)
 R - a wand of scattershot (11)
Scrolls
 e - a scroll of silence
 j - 22 scrolls of teleportation
 n - 5 scrolls of summoning
 t - 9 scrolls of fear
 u - 5 scrolls of enchantment
 v - 11 scrolls of fog
 x - 6 scrolls of blinking
 D - 7 scrolls of magic mapping
 N - 3 scrolls of holy word
 T - 4 scrolls of bless item
Potions
 f - 17 potions of might
 g - 29 potions of curing
 h - 12 potions of haste
 k - 4 potions of invisibility
 m - 4 potions of magic
 o - a potion of agility
 s - 12 potions of heal wounds
 z - 5 potions of resistance
 A - 5 potions of berserk rage
 F - 8 potions of ambrosia
 O - 4 potions of cure mutation
 P - 6 potions of cancellation
Miscellaneous
 a - 2 boxes of beasts
Comestibles
 b - 90 rations


   Skills:
 + Level 23.3 Fighting
 O Level 27 Bows
 + Level 14.6 Armour
 + Level 14.1 Dodging
 - Level 0.4 Stealth
 - Level 1.0 Spellcasting
 + Level 17.9 Invocations
 - Level 5.1 Evocations


You had 26 spell levels left.
You didn't know any spells.
Your spell library contained the following spells:

 Spells                   Type           Power        Failure   Level  Hunger
 Beastly Appendage Tmut 0 (50) 24% 1 24-44 Confusing Touch Hex 0 (50) 24% 1 24-44 Flame Tongue Fire 0 (30) 24% 1 24-44 Foxfire Fire 0 (25) 24% 1 24-44 Freeze Ice 0 (25) 24% 1 24-44 Infusion Chrm 0 (25) 24% 1 24-44 Magic Candle Hex/Fire 0 (90) 24% 1 24-44 Pain Hex/Necr 0 (25) 24% 1 24-44 Poisonous Vapours Pois/Air 0 (50) 24% 1 24-44 Shock Air 0 (25) 24% 1 24-44 Summon Butterflies Summ 0 (100) 24% 1 24-44 Summon Small Mammal Summ 0 (25) 24% 1 24-44 Blink Tloc N/A 34% 2 64-104 Call Imp Summ 0 (100) 34% 2 64-104 Corpse Rot Tmut/Necr N/A 34% 2 64-104 Ensorcelled Hibernation Hex/Ice 0 (50) 34% 2 64-104 Projected Noise Hex/Tloc 0 (100) 34% 2 64-104 Searing Ray Fire 0 (50) 34% 2 64-104 Shroud of Golubria Chrm/Tloc 0 (200) 34% 2 64-104 Slow Hex 0 (100) 34% 2 64-104 Sticks to Snakes Tmut 0 (100) 34% 2 64-104 Sting Pois 0 (25) 34% 2 64-104 Swiftness Chrm/Air 0 (100) 34% 2 64-104 Throw Frost Ice 0 (50) 34% 2 64-104 Apportation Tloc 0 (50) 56% 3 104-164 Blinding Spray Hex/Pois 0 (50) 56% 3 104-164 Call Canine Familiar Summ 0 (100) 56% 3 104-164 Confuse Hex 0 (100) 56% 3 104-164 Conjure Flame Fire 0 (100) 56% 3 104-164 Gell's Gravitas Tloc 0 (200) 56% 3 104-164 Ignite Poison Fire/Tmut 0 (100) 56% 3 104-164 Inner Flame Hex/Fire 0 (100) 56% 3 104-164 Mephitic Cloud Pois/Air 0 (100) 56% 3 104-164 Ozocubu's Armour Chrm/Ice 0 (100) 56% 3 104-164 Portal Projectile Chrm/Tloc 0 (50) 56% 3 104-164 Recall Summ/Tloc N/A 56% 3 104-164 Scorpion Form Tmut/Pois 0 (200) 56% 3 104-164 Snakes to Sticks Hex/Tmut 0 (100) 56% 3 104-164 Static Discharge Air 0 (100) 56% 3 104-164 Stone Arrow Erth 0 (50) 56% 3 104-164 Teleport Other Hex/Tloc 0 (100) 56% 3 104-164 Tukima's Dance Hex 0 (100) 56% 3 104-164 Airstrike Air 0 (200) 93% 4 184-284 Animate Dead Necr N/A 93% 4 184-284 Cause Fear Hex 0 (200) 93% 4 184-284 Force Lance Tloc/Air 0 (200) 93% 4 184-284 Force Lasso Tloc/Erth 0 (200) 93% 4 184-284 Fulminant Prism Hex 0 (200) 93% 4 184-284 Hailstorm Ice 0 (100) 93% 4 184-284 Ice Form Ice/Tmut 0 (100) 93% 4 184-284 Leda's Liquefaction Tmut/Erth 0 (200) 93% 4 184-284 Muse Oam's Air Blast Tloc/Air 0 (100) 93% 4 184-284 Olgreb's Toxic Radiance Pois 0 (100) 93% 4 184-284 Passage of Golubria Tloc N/A 93% 4 184-284 Petrify Tmut/Erth 0 (100) 93% 4 184-284 Sticky Flame Fire/Pois 0 (100) 93% 4 184-284 Still Winds Hex/Air 0 (200) 93% 4 184-284 Summon Ice Beast Ice/Summ 0 (100) 93% 4 184-284 Throw Icicle Ice 0 (100) 93% 4 184-284 Aura of Abjuration Summ 0 (200) 100% 5 304-464 Blade Hands Tmut 0 (200) 100% 5 304-464 Fireball Fire 0 (200) 100% 5 304-464 Lightning Bolt Air 0 (200) 100% 5 304-464 Silence Hex/Air 0 (200) 100% 5 304-464 Summon Forest Summ/Erth 0 (200) 100% 5 304-464 Summon Lightning Spire Summ/Air 0 (100) 100% 5 304-464 Summon Mana Viper Summ/Pois 0 (100) 100% 5 304-464 Yara's Violent Unravell Hex/Tmut 0 (200) 100% 5 304-464 Borgnjor's Vile Clutch Necr/Erth 0 (200) 100% 6 424-644 Cigotuvi's Degeneration Tmut/Necr 0 (200) 100% 6 424-644 Darkness Hex 0 (200) 100% 6 424-644 Death Channel Chrm/Necr 0 (200) 100% 6 424-644 Dispersal Tloc 0 (200) 100% 6 424-644 Eringya's Noxious Bog Tmut/Pois 0 (200) 100% 6 424-644 Freezing Cloud Ice/Air 0 (200) 100% 6 424-644 Invisibility Chrm 0 (100) 100% 6 424-644 Ring of Flames Chrm/Fire 0 (200) 100% 6 424-644 Shadow Creatures Summ N/A 100% 6 424-644 Simulacrum Ice/Necr 0 (200) 100% 6 424-644 Summon Hydra Mount Summ 0 (200) 100% 6 424-644 Controlled Blink Tloc 0 (100) 100% 7 544-824 Haunt Necr/Summ 0 (200) 100% 7 544-824 Infestation Tmut/Pois 0 (200) 100% 7 544-824 Malign Gateway Summ/Tloc 0 (200) 100% 7 544-824 Monstrous Menagerie Summ 0 (200) 100% 7 544-824 Disjunction Tloc 0 (200) 100% 8 664-1004 Summon Jungle Summ 0 (200) 100% 8 664-1004 Unstable Fiery Dash Fire/Tloc 0 (200) 100% 8 664-1004 Tornado Air 0 (200) 100% 9 784-1184 Call Lost Souls Necr/Summ      (Rit)Unusable N/A         4    N/A

Dungeon Overview and Level Annotations

Branches:
Dungeon (8/8)              Temple (1/1) D:4            Lair (6/6) D:5
 Shoals (4/4) Lair:2        Snake (4/4) Lair:3        Slime (0/5) Lair:5
    Orc (2/2) D:6             Elf (3/3) Orc:2        Vaults (5/5) D:7
  Crypt (0/3) Vaults:3     Depths (5/5) D:8             Zot (2/5) Depths:5

Altars:
Ashenzari
Cheibriados
Dithmenos
Elyvilon
Fedhas Madash
Gozag Ym Sagoz
Hepliaklqana
Kikubaaqudgha
Makhleb
Nemelex Xobeh
Okawaru
Qazlal
Ru
Sif Muna
Trog
Uskayaw
Vehumet
Wu Jian
Xom
Yredelemnul
Zin
The Shining One
Beogh
Jiyva

Shops:
D:3 *   D:4 =   D:6 (   Orc:2 %%=*   Shoals:2 [   Shoals:3 [   Snake:1 [(**[
Snake:2 *   Snake:4 }=}   Vaults:3 :(   Vaults:4 [   Depths:2 [

Portals:
Hell: Depths:1 Depths:2 Depths:3 Depths:4 Depths:5
Abyss: Depths:1 Depths:4
Pandemonium: Depths:1 Depths:3
Ziggurat: Depths:5

Annotations:
Snake:1 2 transporters


Innate Abilities, Weirdness & Mutations

Your horsehide is resilient. (AC +3)
You have hooves in place of feet.
Armour fits poorly on your strangely shaped body.
You cover ground very quickly.
Your large and strong wings let you fly indefinitely.
You have an uncontrollable temper.
You are slightly more attuned to the shadows. �"� �U


Message History

* * * LOW HITPOINT WARNING * * *
The golden draconian monk tail-slaps you but does no damage.
The death cob misses you (0).
Your blink will be uncontrolled - continue anyway?
The Orb prevents control of your translocation!
You blink.
As you read the scroll of blinking, it crumbles to dust.
The death cob closely misses you (0).
Your blink will be uncontrolled - continue anyway?
The Orb prevents control of your translocation!
You blink.
As you read the scroll of blinking, it crumbles to dust.
The death cob barely misses you (0).
The golden draconian monk rages.
The death cob barely misses you (0).
The golden draconian monk hits you but does no damage.
The golden draconian monk hits you with a cursed +2 sai of holy wrath {(Curse: Fragile)} (23)!!
* * * LOW HITPOINT WARNING * * *
The golden draconian monk kicks you (35)!!
You die...

,* #...#,,,,* **,** ,*
#########...#,,,** *,* ,*
#.........).#,..# *,** ,*
#....)......#...# *,,* ,*
#........[..#.).# *,,*
,****#...######'##..#* **,*
,,,......#.......)..# *,*
,,.......#..........# ***** *,*
,,.......#.....q@...# **,,,** *,*
##########.....z....#**,,,,,***,*
......##.<..........#,,,,,,,,,*,,
.........^....§.......,,,*,,,,,,,
.####..................*****,,,,,
## #.................#* *,,,,, #
##................# **,,,,
#...............,* *,,,,
##..............** **,,,


You could see a golden draconian monk (berserk) and a death cob.

Vanquished Creatures
  An ancient lich (Depths:4)
  An orb of fire (Zot:1)
  Mara (Depths:2)
  Sojobo (Vaults:5)
  2 golden dragons
  Nikola (Snake:4)
  2 electric golems (Zot:2)
  2 caustic shrikes (Depths:3)
  5 titans
  A lich (Depths:3)
  A juggernaut (Depths:3)
  2 quicksilver dragons
  A sphinx (Vaults:4)
  11 shadow dragons
  6 tengu reavers
  Donald (Elf:3)
  6 storm dragons
  2 iron dragons (Vaults:5)
  4 draconian monks (Zot:1)
  8 nagarajas
  13 vault wardens
  16 deep elf sorcerers
  6 draconian knights
  6 fire giants
  Ilsuiw (Shoals:2)
  Aizul (Snake:1)
  A draconian stormcaller (Zot:2)
  14 frost giants
  2 draconian scorchers (Zot:1)
  20 ironheart preservers
  2 magenta draconians (Zot:1)
  2 platinum draconians
  3 orc warlords
  Roxanne (Snake:4)
  2 balrugs (Depths:3)
  A deep elf master archer (Elf:3)
  A golden draconian (Zot:1)
  5 draconian annihilators
  7 deep elf demonologists
  4 deep elf elementalists
  5 black draconians (Zot:1)
  3 entropy weavers
  A blood draconian (Zot:2)
  A cyan draconian (Zot:1)
  4 death cobs
  An olive draconian (Depths:5)
  3 turquoise draconians
  2 pearl draconians
  3 deep elf blademasters (Elf:3)
  A purple draconian (Zot:2)
  3 red draconians (Zot:1)
  2 white draconians
  2 green draconians (Zot:1)
  2 bone draconians (Zot:2)
  Snorg (Lair:5)
  4 lime draconians
  A blue draconian (Depths:5)
  8 deep elf annihilators
  2 eidola (Depths:4)
  2 scintillating draconians (Zot:1)
  9 fire dragons
  A spark wasp (shapeshifter) (Vaults:5)
  12 tentacled monstrosities
  2 merfolk javelineers
  3 spark wasps (Depths:3)
  5 deep elf death magi (Elf:3)
  2 crystal guardians
  A chaos butterfly (Vaults:5)
  2 merfolk avatars (Shoals:4)
  An azure jelly (shapeshifter) (Vaults:5)
  8 ice dragons
  A mummy priest (Lair:1)
  16 naga warriors
  2 jiangshi (Depths:4)
  4 deep troll shamans
  Fannar (Lair:1)
  8 great orbs of eyes
  5 rakshasas
  A satyr (Shoals:4)
  3 death knights
  6 boulder beetles
  9 deep troll earth magi
  8 merfolk aquamancers
  4 spriggan air magi
  25 very ugly things
  3 catoblepae (Lair:6)
  8 merfolk impalers
  A soul eater (Depths:4)
  4 deep elf high priests
  25 stone giants
  4 spriggan berserkers
  3 vampire magi
  15 naga sharpshooters
  12 ettins
  15 ogre magi
  An alligator snapping turtle (Shoals:4)
  2 swooping magpies
  An orc high priest (Elf:2)
  6 hell knights (Depths:4)
  18 yaktaur captains
  6 shock serpents
  Nergalle (Lair:1)
  22 deep elf knights
  7 salamander mystics
  33 vault guards
  A spriggan (Depths:5)
  A fire crab (shapeshifter) (Elf:1)
  37 two-headed ogres
  5 tengu warriors
  3 anacondas
  25 orc knights
  3 phantasmal warriors
  15 deep elf archers
  2 balloon dogs (Zot:2)
  A death drake (Depths:4)
  12 ironbrand convokers
  5 harpies (Shoals:3)
  6 shadow wraiths
  3 harpies (shapeshifter)
  7 naga ritualists
  32 dancing weapons
  2 orange crystal statues (Depths:4)
  5 skeletal warriors
  A sixfirhy (Depths:3)
  7 glowing orange brains
  7 flayed ghosts
  6 hydras
  10 wizards
  A queen ant (Lair:6)
  3 sun demons (Depths:3)
  A faun (shapeshifter) (Vaults:5)
  59 deep elf magi
  20 deep trolls
  12 centaur warriors
  A torpor snail (shapeshifter) (Depths:2)
  3 necromancers
  An orb spider (shapeshifter) (Vaults:3)
  2 fauns (Shoals:1)
  9 merfolk sirens
  6 orc sorcerers
  A salamander (shapeshifter) (Elf:3)
  16 giraffes
  5 guardian serpents
  A moth of wrath (shapeshifter) (Depths:1)
  5 death yaks (Lair:6)
  An oklob plant (Snake:4)
  A rust devil (Depths:3)
  17 manticores
  29 salamanders
  10 sea snakes
  20 naga magi
  29 black mambas
  A gargoyle (D:6)
  7 moths of wrath
  9 water nymphs
  5 mana vipers
  A water nymph (shapeshifter) (Depths:1)
  A hellion (Depths:2)
  15 vault sentinels
  50 ugly things
  6 iron trolls (Depths:1)
  An eye of devastation (shapeshifter) (Vaults:5)
  13 spiny frogs
  A hellwing (Depths:2)
  An elephant (shapeshifter) (Depths:3)
  3 freezing wraiths
  7 trolls
  2 kobold demonologists
  2 rime drakes
  4 wolf spiders
  52 yaktaurs
  10 elephants (Lair:5)
  5 snapping turtles
  5 komodo dragons
  2 red devils
  5 tengu conjurers
  A komodo dragon (shapeshifter) (Vaults:4)
  A polar bear (Lair:4)
  A queen bee (D:5)
  A polar bear (shapeshifter) (Vaults:4)
  2 spectral hydras (Depths:4)
  4 hornets
  2 raiju (shapeshifter)
  7 wind drakes
  10 wraiths
  A raiju (Depths:4)
  40 merfolk
  13 blink frogs
  3 demonic crawlers (D:8)
  6 vampires
  10 dream sheep
  A steam dragon (Lair:5)
  5 cyclopes
  2 hippogriffs
  6 air elementals (Elf:1)
  A cyclops (shapeshifter) (Depths:2)
  4 shadows (Depths:4)
  A wyvern (shapeshifter) (Vaults:5)
  5 wyverns
  A basilisk (shapeshifter) (Vaults:3)
  23 yaks
  A hippogriff (shapeshifter) (Depths:1)
  A spectral anaconda (Depths:4)
  21 water elementals
  5 fire elementals
  A human (shapeshifter) (Depths:5)
  2 acid dragons
  A yak (shapeshifter) (Vaults:1)
  A hungry ghost (D:7)
  47 nagas
  5 basilisks
  5 vampire mosquitoes
  4 spectral merfolk (Depths:4)
  2 wolf spider zombies
  26 slime creatures
  A floating eye (Depths:4)
  5 redbacks
  3 guardian mummies
  A soldier ant (shapeshifter) (Vaults:4)
  5 hell hounds (Depths:4)
  13 wargs
  10 water moccasins
  A phantom (D:6)
  21 soldier ants
  A floating eye (shapeshifter) (Vaults:4)
  6 sky beasts
  An earth elemental (Elf:1)
  63 orc warriors
  17 porcupines
  8 scorpions
  A black bear (Lair:2)
  An eye of draining (D:7)
  An ice beast (D:6)
  19 boggarts
  39 ogres
  17 crocodiles
  25 wolves
  A merfolk simulacrum (Depths:4)
  2 spectral spriggans (Depths:4)
  12 big kobolds
  19 bullfrogs
  10 centaurs
  A harpy zombie (D:7)
  A howler monkey (D:6)
  28 killer bees
  A quasit (D:5)
  A wight (Depths:4)
  A hornet zombie (D:5)
  13 electric eels
  2 crimson imps
  3 spectral ogres (Depths:4)
  6 jellies (D:2)
  2 spectral nagas (Depths:4)
  22 orc priests
  4 hounds
  18 orc wizards
  Crazy Yiuf (D:7)
  4 mummies (D:3)
  4 iguanas
  A lightning spire (Zot:2)
  24 worker ants
  A water moccasin zombie (D:5)
  A spectral centaur (Depths:4)
  A naga simulacrum (Depths:4)
  5 giant cockroaches
  3 bullfrog zombies (D:6)
  2 bullfrog skeletons (D:6)
  6 gnolls (D:4)
  8 adders
  24 sewer rats (D:2)
  6 cinder newts
  2 worms
  A giant cockroach zombie (D:3)
  2 hound zombies
  A howler monkey zombie (D:5)
  An ooze (D:2)
  A dart slug (D:1)
  5 leopard geckos
  92 orcs
  4 adder skeletons
  4 adder zombies (D:3)
  5 goblins (D:1)
  3 hobgoblins (D:1)
  2 jackals (D:3)
  37 kobolds
  2 quokkas
  5 ball pythons
  3 bats
  A bat skeleton (D:2)
  2 jackal zombies (D:3)
  A leopard gecko skeleton (D:3)
  A leopard gecko zombie (D:3)
  5 rats
  2 butterflies (Vaults:4)
  2 fungi
  A giant blowfly (Vaults:5)
  A jellyfish (Shoals:3)
  11 plants
  2 withered plants (D:2)
2170 creatures vanquished.

Vanquished Creatures (collateral kills)
  A vault warden (Vaults:5)
  A fire dragon (Depths:3)
  A deep troll earth mage (Depths:3)
  A deep troll (Depths:3)
  A vault sentinel (Vaults:5)
5 creatures vanquished.

Vanquished Creatures (others)
  A fire elemental (Elf:3)
  A jelly (D:2)
  An adder (D:2)
  3 kobolds (D:2)
  A bush (Lair:3)
  A butterfly (Vaults:4)
  4 fungi
  8 giant blowflies
  17 plants
  2 slimeheads (D:2)
  50 withered plants (D:2)
89 creatures vanquished.

Grand Total: 2264 creatures vanquished

Notes
Turn   | Place    | Note
-------+----------+-------------------------------------------
     0 | Start Ma | esc the Centaur Noble began the quest for the Orb.
     0 | Start Ma | Reached XP level 1. HP: 15/15 MP: 2/2
     0 | Start Ma | Found Nuenilebb's Auxillary Armour.
     8 | Start Ma | Found Moquh's Mashing MeleeMart.
    26 | Start Ma | Found Zeekleg's Expert Tomes.
    40 | Start Ma | Bought a +0 longbow for 180 gold pieces
    47 | Start Ma | Bought a +0 pair of gloves of archery for 230 gold pieces
    52 | Start Ma | Bought a +0 helmet of improved vision for 230 gold pieces
    62 | Start Ma | Bought 2 scrolls of enchantment for 240 gold pieces
    62 | Start Ma | Bought a scroll of enchantment for 120 gold pieces
    71 | D:1      | esc set off with the following items: a +0 robe, a ration,
                  | a +1 longbow, a +2 pair of gloves of archery, a +0 helmet
                  | of improved vision
    73 | D:1      | Reached skill level 1 in Fighting
    83 | D:1      | Reached skill level 1 in Bows
   308 | D:1      | Reached skill level 2 in Bows
   308 | D:1      | Reached XP level 2. HP: 24/24 MP: 3/3
   324 | D:1      | Reached XP level 3. HP: 29/29 MP: 4/4
   354 | D:1      | Reached skill level 3 in Bows
   398 | D:1      | Identified a scroll of acquirement
   525 | D:1      | Reached XP level 4. HP: 37/37 MP: 5/5
   850 | D:2      | Reached skill level 4 in Bows
   850 | D:2      | Reached XP level 5. HP: 42/45 MP: 6/6
  1025 | D:2      | Reached skill level 5 in Bows
  1119 | D:2      | Reached XP level 6. HP: 52/52 MP: 7/7
  1186 | D:2      | Reached skill level 6 in Bows
  1333 | D:2      | Reached XP level 7. HP: 56/60 MP: 8/8
  1461 | D:2      | Reached skill level 5 in Fighting
  1461 | D:2      | Reached skill level 7 in Bows
  1592 | D:2      | Reached skill level 8 in Bows
  1717 | D:2      | Reached XP level 8. HP: 70/70 MP: 9/9
  2008 | D:2      | Reached skill level 9 in Bows
  2988 | D:3      | Found Gozag's Platinum Reserve.
  2988 | D:3      | Found an opulent altar of Gozag.
  3268 | D:3      | Reached skill level 10 in Bows
  3291 | D:3      | Reached XP level 9. HP: 48/80 MP: 10/10
  3571 | D:3      | Reached skill level 11 in Bows
  3578 | D:3      | Identified the +9 shortbow of the Real Monster {velocity,
                  | rF- MR+ Dex+3 Stlth+} (You acquired it on level 3 of the
                  | Dungeon)
  3908 | D:4      | Found a staircase to the Ecumenical Temple.
  3921 | Temple   | Entered the Ecumenical Temple
  4139 | Temple   | Became a worshipper of Makhleb the Destroyer
  4150 | D:4      | Noticed a two-headed ogre
  4156 | D:4      | Reached skill level 12 in Bows
  4162 | D:4      | Killed a two-headed ogre
  4162 | D:4      | Reached skill level 10 in Fighting
  4325 | D:4      | Reached XP level 10. HP: 94/94 MP: 11/11
  4568 | D:4      | Found Umutugu's Jewellery Shop.
  4602 | D:5      | Entered Level 5 of the Dungeon
  4639 | D:5      | Reached skill level 13 in Bows
  4662 | D:5      | Found a staircase to the Lair.
  4695 | D:5      | Reached * piety under Makhleb
  4782 | D:5      | Identified the +7 staff "Hydraslayer" {chaos, death; rN+
                  | Int+4}
  4913 | D:5      | Found a shimmering altar of Xom.
  5012 | D:5      | Noticed a two-headed ogre
  5018 | D:5      | Killed a two-headed ogre
  5135 | D:5      | Reached skill level 14 in Bows
  5169 | D:5      | Reached ** piety under Makhleb
  5474 | Lair:1   | Entered Level 1 of the Lair of Beasts
  5477 | Lair:1   | Noticed Nergalle
  5481 | Lair:1   | Killed Nergalle
  5490 | Lair:1   | Reached XP level 11. HP: 100/107 MP: 12/12
  5510 | Lair:1   | Noticed a six-headed hydra
  5515 | Lair:1   | Killed a six-headed hydra
  5596 | Lair:1   | Reached skill level 15 in Bows
  5862 | Lair:1   | Noticed Fannar
  5915 | Lair:1   | Killed Fannar
  6001 | Lair:1   | Noticed a mummy priest
  6024 | Lair:1   | Reached *** piety under Makhleb
  6024 | Lair:1   | Reached skill level 16 in Bows
  6030 | Lair:1   | Killed a mummy priest
  6627 | Lair:2   | Noticed a seven-headed hydra
  6631 | Lair:2   | Killed a seven-headed hydra
  6689 | Lair:2   | Noticed a seven-headed hydra
  6693 | Lair:2   | Killed a seven-headed hydra
  6735 | Lair:2   | Reached skill level 15 in Fighting
  6735 | Lair:2   | Reached XP level 12. HP: 119/119 MP: 13/13
  6869 | Lair:2   | Reached skill level 17 in Bows
  7244 | Lair:2   | Found a staircase to the Shoals.
  7549 | Lair:3   | Reached **** piety under Makhleb
  7832 | Lair:3   | Reached skill level 18 in Bows
  8026 | Lair:3   | Found a staircase to the Snake Pit.
  8352 | Lair:4   | Identified the ring "Ozxeasan" {Str+5 Slay+3} (You acquired
                  | it on level 4 of the Lair of Beasts)
  8411 | Lair:4   | Reached XP level 13. HP: 128/128 MP: 14/14
  8805 | Lair:4   | Reached skill level 1 in Evocations
  9006 | Lair:5   | Reached skill level 1 in Dodging
  9133 | Lair:5   | Noticed Snorg
  9137 | Lair:5   | Killed Snorg
  9137 | Lair:5   | Reached skill level 19 in Bows
  9317 | Lair:5   | Reached ***** piety under Makhleb
  9376 | Lair:5   | Reached skill level 1 in Armour
  9719 | Lair:5   | Found a viscous altar of Jiyva.
  9719 | Lair:5   | Found a staircase to the Slime Pits.
 10097 | Lair:6   | Entered Level 6 of the Lair of Beasts
 10326 | Lair:6   | Noticed an entropy weaver
 10331 | Lair:6   | Noticed an entropy weaver
 10332 | Lair:6   | Killed an entropy weaver
 10343 | Lair:6   | Killed an entropy weaver
 10731 | Lair:6   | Reached XP level 14. HP: 138/138 MP: 17/17
 10953 | Lair:6   | Reached skill level 5 in Evocations
 10979 | Lair:6   | Reached ****** piety under Makhleb
 11294 | Lair:6   | Upgraded the game from 0.05.21-63-g49dc21dc10 to
                  | 0.05.21-64-ge923bcfa72
 11414 | Snake:1  | Entered Level 1 of the Snake Pit
 11429 | Snake:1  | Reached skill level 1 in Invocations
 11475 | Snake:1  | Found Xoumn's Armour Emporium.
 11739 | Snake:1  | Found Uttoul's Assorted Antiques.
 11746 | Snake:1  | Bought a glowing centaur barding for 962 gold pieces
 11746 | Snake:1  | Bought 2 scrolls labeled LENIXI KATOH for 74 gold pieces
 11751 | Snake:1  | Bought a square citrine amulet for 185 gold pieces
 11809 | Snake:1  | Gained mutation: Your large and strong wings let you fly
                  | indefinitely. [potion of mutation]
 11823 | Snake:1  | Found Hyest's Antique Armour Shop.
 11983 | Snake:1  | Reached skill level 20 in Bows
 11997 | Snake:1  | Found a transporter.
 11999 | Snake:1  | Identified the cursed amulet "Batuoqukh" {+Rage rC+,
                  | (Curse: *Slow)}
 12000 | Snake:1  | Identified the cursed amulet of Birdsong {+Rage rPois rC-
                  | Str+2 Int+4, (Curse: *Slow)}
 12117 | Snake:1  | Found Fuistibott's Antique Weapon Shoppe.
 12120 | Snake:1  | Found a transporter.
 12172 | Snake:1  | Found Haazus's General Store.
 12176 | Snake:1  | Bought a scroll of enchantment for 97 gold pieces
 12176 | Snake:1  | Bought a scroll of bless item for 390 gold pieces
 12301 | Snake:1  | Noticed Aizul
 12308 | Snake:1  | Killed Aizul
 12308 | Snake:1  | Reached skill level 5 in Dodging
 12517 | Snake:2  | Found Ycezok's General Store.
 12526 | Snake:2  | Bought a scroll of fog for 34 gold pieces
 12526 | Snake:2  | Bought a potion of ambrosia for 136 gold pieces
 12599 | Snake:2  | Identified the cursed +9 morningstar "Murmur" {crush, rN+
                  | MR- Dex+6, (Curse: *Drain)}
 12726 | Snake:2  | Identified the +6 mace of the Beast {holy, rPois rF+ +Vis
                  | Stlth-}
 13404 | Snake:3  | Noticed a nagaraja
 13407 | Snake:3  | Killed a nagaraja
 13407 | Snake:3  | Reached XP level 15. HP: 147/147 MP: 18/18
 13534 | Snake:3  | Reached skill level 5 in Armour
 13866 | Snake:3  | Reached skill level 5 in Invocations
 14067 | Snake:4  | Entered Level 4 of the Snake Pit
 14067 | Snake:4  | Identified Roxanne's Disquisition on the Volcanoes
 14067 | Snake:4  | Noticed Roxanne
 14082 | Snake:4  | Killed Roxanne
 14316 | Snake:4  | Noticed a nagaraja
 14320 | Snake:4  | Killed a nagaraja
 14330 | Snake:4  | Noticed a nagaraja
 14330 | Snake:4  | Noticed Nikola
 14357 | Snake:4  | Killed a nagaraja
 14357 | Snake:4  | Reached skill level 21 in Bows
 14361 | Snake:4  | Killed Nikola
 14387 | Snake:4  | Noticed a nagaraja
 14390 | Snake:4  | Killed a nagaraja
 14390 | Snake:4  | Reached XP level 16. HP: 157/157 MP: 21/21
 14416 | Snake:4  | Identified the ring "Gekkoaxza" {+Blink rPois Str+5 Dex-5}
 14439 | Snake:4  | Identified the cursed ring "Xuuxorgha" {MR+ rCorr Int+2,
                  | (Curse: Fragile)}
 14584 | Snake:4  | Found a radiant altar of Vehumet.
 14780 | Snake:4  | Identified the cursed ring "Cidonueg" {Ice Int+3, (Curse:
                  | *Tele Fragile)}
 14906 | Snake:4  | Got a serpentine rune of Zot
 15298 | Snake:4  | Found Xaovarr's Gadget Emporium.
 15298 | Snake:4  | Found Qayf's Jewellery Boutique.
 15299 | Snake:4  | Found Uhonyss's Gadget Emporium.
 15304 | Snake:4  | Bought a wand of hasting (6) for 340 gold pieces
 15306 | Snake:4  | Bought an uncursed amulet of regeneration for 450 gold
                  | pieces
 15311 | Snake:4  | Bought the cursed ring "Damnable Contraption" {AC+5 Dex+3
                  | +Vis, (Curse: MP-9)} for 1042 gold pieces
 15591 | Shoals:1 | Entered Level 1 of the Shoals
 16400 | Shoals:2 | Identified the cursed ring "Cyoraz" {Fire +Inv rPois Int-3
                  | Stlth+, (Curse: Fragile)}
 16413 | Shoals:2 | Found Pifox's Antique Armour Emporium.
 16839 | Shoals:2 | Noticed Ilsuiw
 16848 | Shoals:2 | Killed Ilsuiw
 17457 | Shoals:3 | Found Edwutopn's Antique Armour Emporium.
 17520 | Shoals:3 | Reached XP level 17. HP: 166/166 MP: 24/24
 17680 | Shoals:3 | Reached skill level 22 in Bows
 17819 | Shoals:4 | Entered Level 4 of the Shoals
 18129 | Shoals:4 | Identified the +11 staff "Pendulum" {reaver, tMut; rElec
                  | Str-5 Int+5}
 18286 | Shoals:4 | Reached skill level 10 in Invocations
 18293 | Shoals:4 | Identified Diom's Handbook of Flames
 18463 | Shoals:4 | Identified the cursed ring of Horeg {Int+5 Stlth+, (Curse:
                  | Fragile)}
 18708 | Shoals:4 | Got a barnacled rune of Zot
 19381 | D:6      | Found a staircase to the Orcish Mines.
 19381 | D:6      | Found Atiehug's Weapon Shop.
 19996 | Orc:1    | Entered Level 1 of the Orcish Mines
 20217 | Orc:2    | Entered Level 2 of the Orcish Mines
 20368 | Orc:2    | Found a roughly hewn altar of Beogh.
 20618 | Orc:2    | Found Fekkoxo's Food Shoppe.
 20618 | Orc:2    | Found Fipnu's Food Boutique.
 20674 | Orc:2    | Found Duesaisi's Jewellery Shoppe.
 20687 | Orc:2    | Found Hiwyss's General Store.
 20809 | Orc:2    | Found a staircase to the Elven Halls.
 21579 | Shoals:2 | Bought the +3 crown of Dyrovepreva {rElec Int+2 +Vis} for
                  | 1738 gold pieces
 21579 | Shoals:2 | Found the +3 crown of Dyrovepreva {rElec Int+2 +Vis}
 21954 | D:7      | Found a stormy altar of Qazlal.
 21967 | D:7      | Reached XP level 18. HP: 174/174 MP: 26/26
 22134 | D:7      | Found a gate to the Vaults.
 22417 | D:7      | Found a runed translucent door.
 22419 | D:7      | Noticed Crazy Yiuf
 22420 | D:7      | Identified the -1 hammer of Mapton {molten, Stlth+}
 22424 | D:7      | Killed Crazy Yiuf
 22489 | D:8      | Entered Level 8 of the Dungeon
 22572 | D:8      | Found a hazy altar of Hepliaklqana.
 22735 | D:8      | Reached skill level 23 in Bows
 22928 | D:8      | Found a staircase to the Depths.
 23260 | Vaults:1 | Entered Level 1 of the Vaults
 24613 | Vaults:2 | Identified the ring "Riurchyll" {rElec rPois rN+ Str-2}
 25127 | Vaults:2 | Reached XP level 19. HP: 183/183 MP: 27/27
 25802 | Vaults:3 | Reached skill level 24 in Bows
 25869 | Vaults:3 | Found Gish's Antique Weapon Shoppe.
 25913 | Vaults:3 | Found Cueset's Book Shoppe.
 26425 | Vaults:3 | Found a staircase to the Crypt.
 26863 | Vaults:3 | Reached skill level 10 in Armour
 27032 | Vaults:4 | Found Rycvair's Armour Emporium.
 27069 | Vaults:4 | Identified the Grimoire of the Blaze and Stolen Souls (You
                  | acquired it on level 4 of the Vaults)
 27076 | Vaults:4 | Identified the cursed +6 heater shield "Nofuutta" {rPois
                  | rF+ Str+4, (Curse: -Vis)}
 27585 | Vaults:4 | Identified the cursed +6 war axe of Defilement {protect,
                  | rF++ Stlth+, (Curse: -Vis MR-)}
 27709 | Vaults:4 | Identified the cursed ring "Coraj" {rC+ rN+ AC+5 Int+3,
                  | (Curse: Fragile rF-)}
 27777 | Vaults:4 | Reached XP level 20. HP: 193/193 MP: 29/29
 27896 | Vaults:4 | Identified the cursed +9 staff of Bloody Death {wizard,
                  | poison; rPois rN+, (Curse: rF-)}
 28195 | Vaults:4 | Identified the +9 shortbow of Imminent Death {venom, rC+
                  | MR++ Str-5} (You acquired it on level 4 of the Vaults)
 28362 | Vaults:4 | Identified the cursed ring "Ahacyw" {+Blink rF++ Str-3
                  | Int+5 +Vis, (Curse: Fragile)}
 28614 | Orc:2    | Bought a scroll of acquirement for 936 gold pieces
 28614 | Orc:2    | Bought a scroll of fear for 63 gold pieces
 28614 | Orc:2    | Bought a scroll of blinking for 135 gold pieces
 28614 | Orc:2    | Bought a potion of heal wounds for 90 gold pieces
 28614 | Orc:2    | Bought a scroll of blinking for 135 gold pieces
 28614 | Orc:2    | Identified the amulet "Modwan" {RegenMP +Blink rN+ Slay-4}
                  | (You acquired it on level 2 of the Orcish Mines)
 28666 | Elf:1    | Entered Level 1 of the Elven Halls
 28691 | Elf:1    | Found a radiant altar of Vehumet.
 29059 | Elf:1    | Identified the +2 staff "Centaur's Regret" {flay, air;
                  | *Contam rElec rN+ MR+}
 29455 | Elf:2    | Found a flickering gateway to a bazaar.
 29471 | Bazaar   | Entered a bazaar
 29472 | Bazaar   | Found Fobleade's Distillery.
 29472 | Bazaar   | Found Qalaalatt's Gadget Boutique.
 29473 | Bazaar   | Found Apnuep's Antique Weapon Emporium.
 29504 | Bazaar   | Found Comuo's Antique Armour Emporium.
 29525 | Bazaar   | Bought a potion of heal wounds for 80 gold pieces
 29525 | Bazaar   | Bought a potion of haste for 160 gold pieces
 29525 | Bazaar   | Bought a potion of cancellation for 128 gold pieces
 29525 | Bazaar   | Bought a potion of haste for 160 gold pieces
 29525 | Bazaar   | Bought 2 potions of cancellation for 256 gold pieces
 29567 | Elf:2    | Identified the +2 robe of a ziggurat {rPois Str+9 Int-3
                  | Dex-4}
 29634 | Elf:2    | Identified the cursed ring of Autumn {Ice +Inv MP-9 Int+4,
                  | (Curse: Fragile)}
 29837 | Elf:2    | Reached skill level 10 in Dodging
 29873 | Elf:2    | Gained mutation: You are slightly more attuned to the
                  | shadows. [potion of mutation]
 29991 | Elf:2    | Found a runed translucent gate.
 30035 | Elf:2    | Found a runed translucent gate.
 30035 | Elf:2    | Found a runed translucent gate.
 30357 | Elf:2    | Reached skill level 25 in Bows
 30662 | Elf:3    | Entered Level 3 of the Elven Halls
 30879 | Elf:3    | Identified the +5 rapier "Glorpo" {pierce, MR+ MP+9 Int+4}
 31007 | Elf:3    | Noticed Donald
 31014 | Elf:3    | Killed Donald
 31200 | Elf:3    | Identified the +9 staff of Duty {menace, death; rElec rN+
                  | Str+5}
 31206 | Elf:3    | Reached XP level 21. HP: 202/202 MP: 31/31
 31213 | Elf:3    | Identified the cursed amulet "Fiesat" {*Contam Regen+ Int+4
                  | Dex+5, (Curse: Fragile rC-)}
 31276 | Elf:3    | Identified the +4 sai of Tomorrow {molten, rF+ MR+}
 31414 | Elf:3    | Identified Afopt's Handbook of the Arsonist
 31435 | Elf:3    | Identified the +3 staff of Crystal {flay, poison; rPois
                  | Str+6}
 31601 | Elf:3    | Identified the cursed ring of Secrets {rF+ MP+9 Str+2
                  | Int+4, (Curse: *Drain)}
 31965 | Vaults:5 | Entered Level 5 of the Vaults
 31965 | Vaults:5 | Identified the cursed ring "Tuih" {MR+ MP+9 Dex+3 Stlth+,
                  | (Curse: Fragile)}
 31965 | Vaults:5 | Identified the cursed ring of Quggosij {rF- rN+ Str+6 Int+4
                  | Slay-2, (Curse: Fragile)}
 32086 | Vaults:5 | Identified the +8 arbalest of Balance {venom, *Slow rPois
                  | MR+++ Str+3 Stlth+}
 32180 | Vaults:5 | Identified the cursed amulet of Harmony {Reflect MR+ SH+5
                  | +Vis, (Curse: Fragile)}
 32198 | Vaults:5 | Identified the cursed ring of the Forsaken Beggars {Fire
                  | rPois MR+, (Curse: Fragile)}
 32516 | Vaults:5 | Reached XP level 22. HP: 213/213 MP: 32/32
 32531 | Vaults:5 | Noticed Sojobo
 32547 | Vaults:5 | Killed Sojobo
 32557 | Vaults:5 | Identified the cursed amulet of Kasuj {Reflect Str+4 SH+5,
                  | (Curse: *Slow Fragile)}
 32730 | Vaults:5 | Reached skill level 26 in Bows
 32808 | Vaults:5 | Identified the +1 cloak of the Invisible Hand {+Inv rF+
                  | MP+9} (You acquired it on level 5 of the Vaults)
 32808 | Vaults:5 | Identified esc's Collected Works on the Assistive Rocks
                  | (You acquired it on level 5 of the Vaults)
 32903 | Vaults:5 | Identified the +7 dagger "Atruucai" {antimagic, rF+ MR+
                  | Str-3 +Vis}
 32921 | Vaults:5 | Identified the cursed ring of Idolewka {MP+9 Stlth-,
                  | (Curse: Fragile)}
 33151 | Vaults:5 | Reached skill level 15 in Invocations
 33304 | Vaults:5 | Identified the +0 pair of gloves of Summer {rC+ rN+ Int-3}
 33312 | Vaults:5 | Got a silver rune of Zot
 33556 | Vaults:5 | Identified the +7 morningstar of Impatience {molten, Str+4
                  | Dex+2}
 33931 | D:3      | Bought the ring of the Voivode {rPois rF+ rC+ rN+} for 4520
                  | gold pieces
 34090 | Depths:1 | Entered Level 1 of the Depths
 34265 | Depths:1 | Found a gateway to Hell.
 34656 | Depths:1 | Found a one-way gate leading to the halls of Pandemonium.
 34658 | Depths:1 | Identified the cursed +9 falchion of Idekurph {antimagic,
                  | rC+ MR- Int+5 Stlth+, (Curse: *Drain)}
 34716 | Depths:1 | Identified the Compendium of the Arsonist
 34759 | Depths:1 | Reached XP level 23. HP: 221/221 MP: 34/34
 34885 | Depths:1 | Found an iron altar of Okawaru.
 34894 | Depths:1 | Identified the +0 scale mail "Nyethaett" {rF+ Regen+ MP-9}
 35486 | Depths:1 | Found a one-way gate to the infinite horrors of the Abyss.
 35538 | Depths:2 | Found Eduiwk's Antique Armour Shop.
 35554 | Depths:2 | Bought a shimmering robe for 136 gold pieces
 35554 | Depths:2 | Identified the +1 robe of the Nexus {rC++ rCorr Str+3
                  | Slay-6} (You bought it in a shop on level 2 of the Depths)
 35750 | Depths:2 | Noticed Mara
 35769 | Depths:2 | Noticed esc's illusion
 35773 | Depths:2 | Killed Mara
 36058 | Depths:2 | Identified the +2 leather armour "Ohach" {Dex+4}
 36156 | Depths:2 | Identified the ring "Buonenev" {rPois rC- rCorr Int+6
                  | Slay+2} (You acquired it on level 2 of the Depths)
 37511 | Depths:3 | Reached skill level 27 in Bows
 37616 | Depths:3 | Identified the +4 staff of Eternal War {wizard, poison;
                  | rPois rC+ MP-9 Int+6}
 37675 | Depths:3 | Identified the +0 leather armour of the Black Moon {rF++
                  | MP+9 Str-3 Stlth+}
 37912 | Depths:3 | Identified the +4 plate armour "Ylybbeuw" {rF+ rCorr Str-4}
 38144 | Depths:4 | Reached XP level 24. HP: 231/231 MP: 32/35
 38767 | Depths:4 | Identified the +7 hunting sling of Diull {velocity, Dex+2}
 38777 | Depths:4 | Identified the Volume of Ignition
 38779 | Depths:4 | Identified the Incunabulum of Heat
 38964 | Depths:4 | Identified the +4 centaur barding of Ypybryl {rF+ MR++}
                  | (You acquired it on level 4 of the Depths)
 39267 | Depths:4 | Noticed an ancient lich
 39276 | Depths:4 | Killed an ancient lich
 39396 | Depths:5 | Entered Level 5 of the Depths
 39397 | Depths:5 | Identified the amulet of Kaqyenla {Faith rN++ Stlth+} (You
                  | acquired it on level 5 of the Depths)
 39397 | Depths:5 | Identified the +0 hat "Piese" {rPois rC+ Str-2 Dex+3} (You
                  | acquired it on level 5 of the Depths)
 39399 | Depths:5 | Identified the Compendium of the Oath and the Arsonist (You
                  | acquired it on level 5 of the Depths)
 39624 | Depths:5 | Found a gate to the Realm of Zot.
 40211 | Depths:5 | Found a gateway to a ziggurat.
 40465 | Zot:1    | Entered Level 1 of the Realm of Zot
 41847 | Zot:1    | Reached XP level 25. HP: 238/238 MP: 35/35
 42166 | Zot:1    | Noticed an orb of fire
 42167 | Zot:1    | Gained mutation: You have an uncontrollable temper. [an orb
                  | of fire]
 42177 | Zot:1    | Killed an orb of fire
 42615 | Zot:2    | Identified the +3 chain mail "Nogekeu" {+Inv MR+ Regen+}
 42885 | Zot:2    | Mangled by a golden draconian monk

Levels and vault maps discovered:
D:1:      roderic_octagonal_star, layout_basic
D:2:      layout_sewer, sewer_co_tree
D:3:      ossuary_crypta, layout_basic, first_ration,
          nicolae_gozag_zags_fifth_avenue
D:4:      layout_basic, minmay_temple_entry_tees, serial_shops,
          kennysheep_mini_moat
D:5:      layout_loops_ring, xom_butterflies, dpeg_oklobed_lair, special_room
          [special_room_bee]
D:6:      layout_gridville, orc_david_3
D:7:      layout_basic, david_vaults_1, basic_altar, hangedman_fish_farm,
          uniq_crazy_yiuf_cottage
D:8:      grunt_enter_depths_snipers, layout_loops_ring, minmay_misc_feat_roman,
          basic_altar, minmay_misc_feat_ornament, einodemon_crawler_minivault
Temple:   minmay_crystal_snake_temple
Lair:1:   layout_gridlike, lemuel_fruit_fields, chequers_ossuary_entry_cave,
          serial_bayou_shore_b, grunt_megastairs_5, uniq_fannar, uniq_nergalle
Lair:2:   layout_gridlike, minmay_shoals_entry_hut, lemuel_fruit_fields
Lair:3:   layout_roguey, guppyfry_snake_entry_island, lemuel_fruit_tree
Lair:4:   layout_gridlike
Lair:5:   layout_cave_pods, dpeg_slime_entry_enclosed_altar,
          chequers_serial_rivers_large_a, serial_bayou_shore_a,
          infiniplex_staircase_pool_2, uniq_snorg
Lair:6:   evilmike_catoblepas_cave, layout_hall_layers, zaba_antful_of_joy
Shoals:1: layout_shoals
Shoals:2: nicolae_shoals_island_circles, layout_shoals, serial_shops,
          nicolae_shop_trees, uniq_ilsuiw
Shoals:3: layout_shoals, serial_shops, shop
Shoals:4: shoals_end_grunt_ice, layout_shoals
Snake:1:  gammafunk_its_a_trap, layout_basic, serial_shops, shop,
          nicolae_shop_behind_doors, shop, nicolae_shop_overgrown_old_shop,
          nicolae_shop_waterfront, serial_bayou_pond_c, uniq_aizul
Snake:2:  layout_layer_cave, serial_shops, shop
Snake:3:  layout_cave_pods
Snake:4:  snake_pit, layout_layer_cave, lemuel_oklob_altar, minmay_shop_grove,
          uniq_nikola, uniq_roxanne
Orc:1:    layout_caves
Orc:2:    st_orc_town, layout_diamond_mine, special_room
Elf:1:    eino_elf_arrival_altar, layout_gridlike, hangedman_elf_disciples,
          st_stairs_6
Elf:2:    layout_loops_corners, serial_shops, bzr_entry_gold
Elf:3:    minmay_elf_hall_quartered_circle, layout_loops_cross, uniq_donald
Vaults:1: vaults_standard_mumra_x, vaults_room_ringed_pool, v_misc_12,
          vaults_mumra_hexcomb, v_misc_4, nicolae_vaults_angled_halls,
          grunt_vaults_diagonal, v_rooms_6, v_misc_10, ontoclasm_vaults_fault,
          hangedman_vaults_corner_blocks, vaults_room_door_ring,
          ontoclasm_vaults_loading_screen, layout_vaults_ring
Vaults:2: nicolae_vaults_little_squares_6, nicolae_vaults_shelves_hall,
          hangedman_vaults_stream, hangedman_vaults_snaps, v_misc_22,
          v_alt_pattern_5, v_misc_4, hangedman_vaults_trim,
          nicolae_vaults_mini_display_case, v_misc_23, vaults_room_hallway,
          nicolae_vaults_little_ls, layout_vaults_big_room
Vaults:3: minmay_crypt_entry_vampire_xt, ontoclasm_vaults_pinch,
          vaults_room_mumra_shop_pool, hangedman_vaults_corner_blocks,
          vaults_room_door_hall, v_pattern_4, vaults_dpeg_cross,
          nicolae_vaults_little_squares_5, v_misc_31,
          nicolae_vaults_ring_of_whatevers,
          nicolae_vaults_windows_and_doors_thing, layout_vaults_omnicross,
          serial_shops, shop_fountains
Vaults:4: grunt_vaults_bifocal, ontoclasm_vaults_ligature,
          nicolae_vaults_specimen_jars, v_misc_29, ontoclasm_vaults_chip,
          ontoclasm_vaults_eye, v_misc_13, nicolae_vaults_big_ls,
          dpeg_vaults_monster_box, v_pattern_1, v_misc_24, vaults_mumra_lcd,
          vaults_room_door_ring, v_misc_22, st_check,
          nicolae_vaults_diagonal_hallway_6, layout_vaults_maze_snakey,
          serial_shops, shop
Vaults:5: serial_shops, uniq_sojobo
Depths:1: layout_basic, marbit_kobold_abyss_entry, pan_entry, hell_entry,
          okawaru_ov_weapons_minmay, minmay_misc_feat_plants,
          minmay_misc_feat_diagonals, grunt_decor_cap, minmay_orc_keep
Depths:2: hangedman_cross_stitches, layout_long_grid,
          infiniplex_staircase_squiggle, serial_shops, nicolae_shop_statue_plus,
          hellmouth_1, uniq_mara
Depths:3: hangedman_stitches_corridor, layout_basic, lightli_too_deep,
          hangedman_decor_diamond_cutter, rand_demon_pan_entry_1,
          infiniplex_staircase_zigzag_1
Depths:4: lemuel_river_lethe, hell_entry, abyss_entry
Depths:5: grunt_crosshair, layout_gridville, enter_ziggurat_f, hell_entry,
          serial_sigils_hangedman_gut
Zot:1:    layout_cathedral_of_symmetry
Zot:2:    kennysheep_blocky_hall, layout_cathedral_of_symmetry,
          amethyst_zot_foddershock

Skill      XL: |  1  2  3  4  5  6  7  8  9 10 11 12 13 14 15 16 17 18 19 20 21 22 23 24 25 |
---------------+----------------------------------------------------------------------------+-----
Fighting       | 1 2 3 4 5 7 10 13 15 16 17 18 19 20 21 22 23 | 23.3
Bows           | 2 3 4 5 6 8 10 12 14 16 18 19 20 21 22 23 24 25 26 27 | 27.0
Evocations     | 4 5 |  5.1
Dodging        | 3 5 7 8 9 10 11 12 13 14 | 14.1
Armour         | 2 4 5 7 9 10 11 12 13 14 | 14.6
Invocations    | 4 7 9 11 12 13 14 15 16 17 | 17.9
Stealth        | |  0.4
Spellcasting   | |  1.0

Action                   |  1- 3 |  4- 6 |  7- 9 | 10-12 | 13-15 | 16-18 | 19-21 | 22-24 | 25-27 || total
-------------------------+-------+-------+-------+-------+-------+-------+-------+-------+-------++-------
Melee: Unarmed           |       |     8 |       |       |       |    10 |       |       |       ||    18
       Kick              |       |     3 |       |       |       |     5 |       |       |       ||     8
 Fire: Longbow           |    69 |   139 |   350 |   521 |   652 |  1277 |  1120 |  1615 |   120 ||  5863
Invok: Greater Servant o |       |       |       |       |       |       |     1 |     1 |       ||     2
 Abil: Fly               |       |       |       |       |       |     2 |       |     2 |       ||     4
       Stop Flying       |       |       |       |       |       |       |     1 |     1 |       ||     2
  Use: Scroll            |     4 |     1 |     5 |     3 |     8 |     7 |    10 |    13 |     3 ||    54
       Potion            |       |       |     2 |       |     5 |       |     4 |     4 |       ||    15
  Eat: Chunk             |       |     1 |     7 |     9 |     7 |    16 |    10 |     1 |       ||    51
       Ration            |       |       |       |       |     2 |     2 |     3 |     5 |       ||    12
Armor: Robe              |    11 |    57 |    43 |    55 |     1 |       |       |       |       ||   167
       Troll leather     |       |       |       |       |    27 |    84 |    61 |   235 |     5 ||   412
Dodge: Dodged            |    19 |    69 |    83 |   129 |    59 |   130 |    63 |   248 |    16 ||   816
